AoeStats
← JustClus

Arena

510324518Analyzed
1v1 RM · 23h ago on Sep 30, 2026· 41m 27s· 2 players
Game mode
Random Map
Map size
Tiny (2 player)
Population
200
Speed
Normal
Resources
Standard
Victory
Conquest
Starting age
Dark Age
Ending age
Imperial Age
RankedLock teamsTeams togetherTeam positionsShared explorationLock speedFull tech treeHidden civsTurbo modeCheats
Victory
Defeat
🇹🇷 Spanish · Türkiye
1052
+15
🇫🇷 Bohemians · France
1034
-15
Baziz
10:06 Feudal Age
11:15 Double-Bit Axe
14:56 Castle Age
14:30 Double-Bit Axe
36:07 Imperial Age
35:04 Wheelbarrow
35:11 Town Watch
36:39 Chemistry
36:05 Fletching
36:58 Elite Skirmisher
38:28 Bodkin Arrow
39:30 Bracer
JustClus
11:35 Feudal Age
10:22 Loom
15:21 Castle Age
15:10 Double-Bit Axe
15:07 Horse Collar
25:55 Bow Saw
25:50 Heavy Plow
25:57 Padded Archer Armor
33:49 Imperial Age
33:03 Wheelbarrow
35:16 Gold Mining
37:17 Elite Conquistador
Connection lost

Rejoining the realm…

Still unreachable

The connection could not be restored.

Session expired

The server has moved on; the page needs a fresh start.